 Dungeon Crawl Stone Soup version 0.28-a0-657-g71136c5590 (webtiles) character file.

Game seed: 1811034857788664127

1280 flotson the Skirmisher (level 8, -8/63 HPs)
             Began as a Demonspawn Delver on Oct 13, 2021.
             Was an Initiate of Gozag.
             Mangled by an ogre (23 damage)
             ... on level 6 of the Dungeon.
             The game lasted 00:08:29 (3877 turns).

flotson the Skirmisher (Demonspawn Delver)          Turns: 3877, Time: 00:08:30

Health: -8/63      AC:  6    Str: 14    XL:     8   Next: 29%
Magic:  8/8        EV: 13    Int:  7    God:    Gozag
Gold:   166        SH:  0    Dex: 16    Spells: 7/7 levels left

rFire   . . .      SeeInvis .   a - +1 war axe (freeze)
rCold   + . .      Faith    .   (no shield)
rNeg    . . .      Spirit   .   j - +0 troll leather armour
rPois   +          Reflect  .   d - +2 hat
rElec   .          Harm     .   (no cloak)
rCorr   .          Rampage  .   (no gloves)
Will    ++...                   (no boots)
Stlth   +++.......              (no amulet)
HPRegen 1.20/turn               i - ring "Xetsixoa" {rPois rC+ Will++ Int-4 Slay+3}
MPRegen 0.11/turn               (no ring)

@: no status effects
A: antennae 1, spiny 1, weakness stinger 2, demonic touch 2
a: Renounce Religion, Potion Petition, Call Merchant, Bribe Branch


You were on level 6 of the Dungeon.
You worshipped Gozag.
Gozag was aware of your devotion.
You visited 2 branches of the dungeon, and saw 7 of its levels.

You collected 277 gold pieces.
You paid 111 gold pieces to Gozag.

Inventory:

Hand Weapons
 a - a +1 war axe of freezing (weapon)
 b - a +4 hunting sling
 c - a +2 trident of protection
 H - a +1 long sword of flaming
Missiles
 q - 26 sling bullets
 s - 2 boomerangs (quivered)
 y - 151 stones
Armour
 d - a +2 hat (worn)
 j - a +0 troll leather armour (worn)
Jewellery
 i - the ring "Xetsixoa" (left hand) {rPois rC+ Will++ Int-4 Slay+3}
   (You found it on level 5 of the Dungeon)

   [ring of protection from cold]

   Int:       It affects your intelligence (-4).
   Slay:      It affects your accuracy & damage with ranged weapons and melee
   (+3).
   rC:        It protects you from cold.
   rPois:     It protects you from poison.
   Will:      It greatly increases your willpower.
Wands
 g - a wand of digging (3)
 G - a wand of charming (5)
Scrolls
 e - 2 scrolls of fear
 f - 4 scrolls of enchant weapon {unknown}
 h - 3 scrolls of silence {unknown}
 k - a scroll of brand weapon {unknown}
 m - a scroll of magic mapping
 o - 6 scrolls of teleportation {unknown}
 p - 4 scrolls of amnesia {unknown}
 r - 2 scrolls of vulnerability {unknown}
 u - 3 scrolls of identify {unknown}
 v - a scroll of blinking {unknown}
 w - a scroll of holy word {unknown}
 z - a scroll of fog
 B - a scroll of acquirement {unknown}
 C - a scroll of immolation {unknown}
 D - a scroll of summoning {unknown}
 E - a scroll of enchant armour {unknown}
Potions
 l - a potion of degeneration {unknown}
 n - 8 potions of curing {unknown}
 t - a potion of lignification {unknown}
 x - 3 potions of heal wounds {unknown}
 A - a potion of brilliance {unknown}
 F - a potion of berserk rage {unknown}
 I - a potion of ambrosia {unknown}


   Skills:
 + Level 5.6 Fighting
 + Level 3.9 Axes
 - Level 1.1(2.4) Slings
 + Level 3.3(3.4) Throwing
 + Level 4.1 Armour
 + Level 4.6 Dodging
 - Level 4.5 Stealth


You had 7 spell levels left.
You didn't know any spells.
Your spell library contained the following spells:

 Spells                   Type           Power      Damage    Failure   Level
 Passwall                 Tmut/Erth      0%         N/A       65%         2
 Conjure Flame            Conj/Fire      0%         6-21      86%         3
 Ignite Poison            Fire/Tmut/Pois 0%         N/A       86%         3
 Swiftness                Air            0%         N/A       86%         3
 Sticky Flame             Conj/Fire      0%         2d3       99%         4
 Invisibility             Hex            0%         N/A       100%        6


Dungeon Overview and Level Annotations

Branches:
Dungeon (6/15)             Temple (1/1) D:6

Altars:
Ashenzari
Cheibriados
Dithmenos
Elyvilon
Fedhas
Gozag
Hepliaklqana
Kikubaaqudgha
Makhleb
Nemelex Xobeh
Okawaru
Qazlal
Sif Muna
Trog
Uskayaw
Vehumet
Wu Jian
Xom
Yredelemnul
Zin
The Shining One

Annotations:
D:2 Sigmund
D:6 lawman0's ghost, novice GnDe


Innate Abilities, Weirdness & Mutations

You have a pair of small antennae on your head.
You are partially covered in sharp spines.
You have a tail ending in a sharp stinger.
Your touch may inflict irresistible damage on your foes.


Message History

The iguana is heavily wounded.
The iguana is distracted by your dazzling golden aura.
You strike the helpless iguana from behind!
You slash the iguana!
The iguana seems to slow down.
You freeze the iguana.
You kill the iguana!
No target in view!
No target in view!
No target in view!
No target in view!
No target in view!
No target in view!
HP restored.
You now have 166 gold pieces (gained 5).
Found a ring mail.
Found a faintly glowing dagger.
Found 15 gold pieces.
Found a stone staircase leading up.
r - 2 scrolls labelled NUASUG VITU (gained 1)
There is a transporter here.
You enter the transporter and appear at another place.
Found a transporter.
There is a transporter here.
You enter the transporter and appear at another place.
You barely miss the ogre. You tail-slap the ogre.
The ogre is lightly wounded.
The ogre is struck by your spines.
The ogre hits you with the +10 giant club of Viel {vorpal, Str+2 Int+2}!!
Unknown command.
You hit the ogre. You freeze the ogre.
The ogre is moderately wounded.
The ogre is struck by your spines.
The ogre hits you with the +10 giant club of Viel {vorpal, Str+2 Int+2}!!
* * * LOW HITPOINT WARNING * * *
Unknown command.
You are too injured to fight recklessly!
Unknown command.
You are too injured to fight recklessly!
The ogre hits you with the +10 giant club of Viel {vorpal, Str+2 Int+2}!!
You die...
Your body crumbles into a pile of gold.

...###...###.....########....#.##
...# #.⌠.# #.....#.(...©#......#
...###...###.....#..##..#.#....#
.................#.#..#.#.......#
....$............#.#W.#.#....##..
#...............©#?.##..#.<... ..
.......#.........#[....©#.#######
.###........###.O#O.##..#.# .
###......# #.@#.#.$#.# .
.........# #..#.#..#.# [##......#
#..#..##..# # #.###.##
#..#..)...# #.# #.# #..######## .
#.. <.... ##... ...##


You could see 2 ogres and lawman0's ghost.

Vanquished Creatures
  Eustachio (D:4)
  A necrophage (D:5)
  2 ogres
  2 phantoms
  A water moccasin zombie (D:6)
  2 water moccasin skeletons (D:6)
  A gnoll shaman (D:5)
  A jelly (D:4)
  2 orc priests
  A centaur skeleton (D:6)
  A hound (D:4)
  3 iguanas
  Natasha (thrice) (D:2)
  An orc wizard (D:3)
  A hound skeleton (D:4)
  5 gnolls (D:5)
  6 adders
  A white imp (D:5)
  An ufetubus (D:4)
  An adder skeleton (D:4)
  A dart slug (D:1)
  3 worms
  13 orcs
  9 ball pythons
  3 bats
  8 endoplasms
  5 giant cockroaches
  4 goblins
  7 hobgoblins
  6 jackals
  5 quokkas
  6 frilled lizards
  9 kobolds
116 creatures vanquished.

Notes
Turn   | Place    | Note
-------+----------+-------------------------------------------
     0 | D:5      | flotson the Demonspawn Delver began the quest for the Orb.
     0 | D:5      | Reached XP level 1. HP: 18/18 MP: 1/1
    17 | D:5      | Identified the ring "Xetsixoa" {rPois rC+ Will++ Int-4
                  | Slay+3}
    91 | D:5      | Noticed a gnoll shaman
   140 | D:4      | Noticed an ogre
   140 | D:4      | Noticed an orc priest
   154 | D:4      | Noticed an iguana
   168 | D:3      | Gained mutation: You are partially covered in sharp spines.
                  | [demonic ancestry]
   168 | D:3      | Reached XP level 2. HP: 13/24 MP: 2/2
   211 | D:2      | Reached skill level 1 in Armour
   223 | D:2      | Discovered your monstrous ancestry.
   223 | D:2      | Gained mutation: You have a pair of small antennae on your
                  | head. [demonic ancestry]
   223 | D:2      | Reached XP level 3. HP: 28/29 MP: 3/3
   266 | D:2      | Noticed Sigmund
   624 | D:1      | Noticed an eye of devastation
   627 | D:1      | Found a faded altar of an unknown god.
   630 | D:1      | Noticed a golden eye
   630 | D:1      | Noticed a golden eye
   630 | D:1      | Noticed a great orb of eyes
  1094 | D:2      | Gained mutation: You have a small tail. [demonic ancestry]
  1094 | D:2      | Reached XP level 4. HP: 37/37 MP: 4/4
  1337 | D:2      | Noticed Natasha
  1346 | D:2      | Killed Natasha
  1347 | D:2      | Reached skill level 1 in Slings
  1403 | D:2      | Noticed Natasha
  1411 | D:2      | Killed Natasha
  1412 | D:2      | Reached skill level 4 in Fighting
  1412 | D:2      | Gained mutation: You have a tail ending in a sharp stinger.
                  | [demonic ancestry]
  1412 | D:2      | Reached XP level 5. HP: 39/42 MP: 5/5
  1421 | D:2      | Noticed Natasha
  1426 | D:2      | Killed Natasha
  1943 | D:3      | Reached skill level 1 in Throwing
  2063 | D:3      | Gained mutation: Your touch may inflict minor irresistible
                  | damage on your foes. [demonic ancestry]
  2063 | D:3      | Reached XP level 6. HP: 48/48 MP: 6/6
  2320 | D:4      | Noticed Eustachio
  2330 | D:4      | Killed Eustachio
  2331 | D:4      | Reached XP level 7. HP: 50/55 MP: 7/7
  2646 | D:4      | Reached skill level 5 in Fighting
  3015 | D:5      | Gained mutation: Your touch may inflict irresistible damage
                  | on your foes. [demonic ancestry]
  3015 | D:5      | Reached XP level 8. HP: 59/63 MP: 8/8
  3511 | D:6      | Found a staircase to the Ecumenical Temple.
  3520 | Temple   | Entered the Ecumenical Temple
  3817 | Temple   | Became a worshipper of Gozag Ym Sagoz the Greedy
  3850 | D:6      | Found a transporter.
  3862 | D:6      | Noticed lawman0's ghost (novice GnDe)
  3865 | D:6      | Identified the +10 giant club of Viel {vorpal, Str+2 Int+2}
  3868 | D:6      | Found a transporter.
  3877 | D:6      | Mangled by an ogre

Illustrated notes

Levels and vault maps discovered:
D:1:      heliophobic_arrival_enchanted_forest, layout_basic,
          hellmonk_ecumenical_altar_watching_god
D:2:      layout_basic, uniq_natasha, uniq_sigmund
D:3:      layout_rooms, dk_noncrumbling_2, st_stairs_3
D:4:      layout_basic, uniq_eustachio
D:5:      layout_cave_pods, grunt_ministairs_14
D:6:      layout_rooms, minmay_temple_entry_junction, serial_corexii_hall,
          corexii_hall_statues_l, chequers_hall_statues_y,
          gammafunk_ghost_smash, hex_medium, guppyfry_early_elven_hall
Temple:   regret_index_temple_sigil_plot

Skill      XL: |  1  2  3  4  5  6  7  8 |
---------------+-------------------------+-----
Dodging        | 2 3 4 |  4.6
Armour         | 1 2 3 4 |  4.1
Slings         | 1 |  1.1
Fighting       | 4 5 |  5.6
Axes           | 2 3 |  3.9
Throwing       | 1 2 3 |  3.3
Stealth        | |  4.5

Action                   |  1- 3 |  4- 6 |  7- 9 || total
-------------------------+-------+-------+-------++-------
Melee: Hand axe          |    70 |    16 |       ||    86
       Trident           |       |    30 |       ||    30
       Tailslap          |       |    11 |     8 ||    19
       War axe           |       |    30 |    48 ||    78
       Touch             |       |     6 |    10 ||    16
 Fire: Hunting sling     |       |    16 |       ||    16
  Use: Scroll            |     1 |       |       ||     1
       Potion            |     1 |       |       ||     1
 Stab: Sleeping          |     6 |     4 |     3 ||    13
       Distracted        |       |       |     2 ||     2
Armor: Troll leather arm |    19 |    23 |     7 ||    49
Dodge: Dodged            |    36 |    43 |    33 ||   112

Table legend: (Time is in decaauts)
 A = Elapsed time spent in this place.
 B = Non-inter-level travel time spent in this place.
 C = Inter-level travel time spent in this place.
 D = Time resting spent in this place.
 E = Time spent auto-exploring this place.
 F = Levels seen in this place.
 G = Mean time per level.
                   A        B        C        D        E       F      G
               +--------+--------+--------+--------+--------+-----+--------+
         Total |   3915 |   3473 |    442 |     29 |   2480 |   7 |  559.3 |
       Dungeon |   3604 |   3191 |    413 |     29 |   2216 |   6 |  600.7 |
        Temple |    311 |    282 |     29 |      0 |    264 |   1 |  311.0 |
               +--------+--------+--------+--------+--------+-----+--------+

Top non-repeatable levels by time:
     D:1: 753 daAuts
     D:5: 750 daAuts
     D:4: 715 daAuts
     D:2: 617 daAuts
     D:3: 605 daAuts
  Temple: 311 daAuts
     D:6: 162 daAuts
